 Dungeon Crawl Stone Soup version 0.31-a0-1074-g0b22e4e0f1 (webtiles) character file.

Game seed: 17804041740368737773

593 tbh1313 the Cudgeller (level 7, -11/108 HPs)
             Began as an Ogre Berserker on Nov 30, 2023.
             Was a Believer of Trog.
             Mangled by Prince Ribbit (12 damage)
             ... on level 5 of the Dungeon.
             The game lasted 00:10:46 (4672 turns).

tbh1313 the Cudgeller (Ogre Berserker)              Turns: 4672, Time: 00:10:46

Health: -11/108    AC:  5    Str: 24    XL:     7   Next: 39%
Magic:  7/7        EV: 10    Int:  8    God:    Trog [**....]
Gold:   315        SH:  0    Dex: 14    Spells: 6/6 levels left

rFire   + . .        a - +0 mace (protect)
rCold   . . .        (no shield)
rNeg    . . .        b - +1 animal skin
rPois   .            (helmet restricted)
rElec   .            g - +0 cloak
rCorr   .            (gloves unavailable)
SInv    .            (boots unavailable)
Will    .....        (no amulet) Stlth
                     l - +6 ring of dexterity
HPRegen 0.38/turn    m - ring of protection from fire
MPRegen 0.10/turn

%: no passive effects
@: berserking, studying Throwing, very quick
A: large, unfitting armour, tough skin 1
a: Renounce Religion, Berserk, Trog's Hand


You were on level 5 of the Dungeon.
You worshipped Trog.
Trog was pleased with you.
You visited 1 branch of the dungeon, and saw 5 of its levels.

You collected 315 gold pieces.

Inventory:

Hand Weapons
 a - a +0 mace of protection (weapon)
 c - a +0 flail of protection
Missiles
 d - 21 stones (quivered)
 h - 11 poisoned darts
 i - 4 atropa-tipped darts
 o - a curare-tipped dart
Armour
 b - a +1 animal skin (worn)
 g - a +0 cloak (worn)
Jewellery
 l - a +6 ring of dexterity (left hand)
 m - a ring of protection from fire (right hand)
Wands
 k - a wand of roots (8)
Scrolls
 e - a scroll of fog
 f - 2 scrolls of teleportation
 j - 2 scrolls of immolation
Potions
 p - a potion of cancellation {unknown}


   Skills:
 - Level 5.0 Fighting
 * Level 6.4 Maces & Flails
 + Level 4.0 Throwing
 - Level 3.0 Dodging


You had 6 spell levels left.
You didn't know any spells.
Your spell library contained the following spells:

 Spells                   Type           Power      Damage    Failure   Level
 Ensorcelled Hibernation  Hex/Ice        0%         N/A       54%         2
 Passwall                 Tmut/Erth      0%         N/A       54%         2
 Swiftness                Air            0%         N/A       78%         3
 Alistair's Intoxication  Tmut/Pois      0%         N/A       100%        5
 Borgnjor's Vile Clutch   Necr/Erth      0%         N/A       100%        5
 Eringya's Noxious Bog    Tmut/Pois      0%         4d6       100%        6


Dungeon Overview and Level Annotations

Branches:
Dungeon (5/15)
 Temple: D:4-7

Altars:
Elyvilon
Okawaru
Ru
Vehumet

Shops:
D:2 =

Annotations:
D:5 Prince Ribbit


Innate Abilities, Weirdness & Mutations

You are too large for most types of armour.
You have tough skin. (AC +1)


Message History

You throw a stone. The stone misses Prince Ribbit.
Prince Ribbit blinks!
Throw: 25 stones
Press: ? - help, Q - select action, (/) - cycle Shift-Dir - straight line, f/p - Prince Ribbit
Aim: Prince Ribbit (severely wounded, 39% to hit)
You throw a stone. The stone hits Prince Ribbit.
Prince Ribbit is almost dead.
Prince Ribbit blinks!
You start resting.
Prince Ribbit is nearby!
Throw: 24 stones
Press: ? - help, Q - select action, (/) - cycle Shift-Dir - straight line, f/p - Prince Ribbit
Aim: Prince Ribbit (almost dead, 39% to hit)
You throw a stone. The stone misses Prince Ribbit.
Throw: 23 stones
Press: ? - help, Q - select action, (/) - cycle Shift-Dir - straight line, f/p - Prince Ribbit
Aim: Prince Ribbit (almost dead, 39% to hit)
You throw a stone. The stone closely misses Prince Ribbit.
You barely miss Prince Ribbit.
Prince Ribbit is almost dead.
Prince Ribbit closely misses you.
Prince Ribbit blinks!
Throw: 22 stones
Press: ? - help, Q - select action, (/) - cycle Shift-Dir - straight line, f/p - Prince Ribbit
Aim: Prince Ribbit (almost dead, 39% to hit)
You throw a stone. The stone closely misses Prince Ribbit.
You miss Prince Ribbit.
Prince Ribbit is almost dead.
Prince Ribbit hits you!
* * * LOW HITPOINT WARNING * * *
Prince Ribbit hits you!
* * * LOW HITPOINT WARNING * * *
Okay, then.
Okay, then.
A red film seems to cover your vision as you go berserk!
You feel yourself moving faster!
You feel mighty! Prince Ribbit hits you!
* * * LOW HITPOINT WARNING * * *
You miss Prince Ribbit.
Prince Ribbit is severely wounded.
Prince Ribbit hits you!
You die...

# #.##.# ##....##
#)##.. #..#....
#.###.# #.##..##
#.# #..## ##.###.#
#.## #..####.†#
#.#
#..####......##
#.#
##........##.##
#..
####...########.#
#.......@F.# #.#
..#...#..#..!.##.#
#...##?.##.....#
#.... ##.. ##..#
#..#.# #.. #..
..##. .#. #.. .#
.#.# . #


You could see Prince Ribbit.

Levels and vault maps discovered:
D:1:      lightli_arrival_windingriver, layout_basic, minmay_misc_feat_tower,
          chequers_garden
D:2:      layout_loops_ring, nicolae_shop_unique_rings
D:3:      layout_loops_ring, hangedman_ru_absence, marbit_many_paths,
          mainiacjoe_overflow_tiny_flanked, basic_ecumenical_altar,
          minmay_misc_feat_pillars
D:4:      layout_basic, elyvilon_altar_4, grunt_ministairs_8, minivault_24,
          minmay_manual_macuahuitl
D:5:      layout_rooms, nicolae_tso_besieged_by_evil, minmay_temple_entry_waves,
          minivault_23, uniq_prince_ribbit1

Notes
Turn   | Place    | Note
-------+----------+-------------------------------------------
     0 | D:1      | tbh1313 the Ogre Berserker began the quest for the Orb.
     0 | D:1      | Reached XP level 1. HP: 24/24 MP: 1/1
    43 | D:1      | HP: 1/36 [frozen (5)]
    45 | D:1      | Reached skill level 3 in Maces & Flails
   157 | D:1      | Reached XP level 2. HP: 26/32 MP: 2/2
   680 | D:1      | Reached XP level 3. HP: 39/39 MP: 3/3
   975 | D:2      | Reached ** piety under Trog
  1185 | D:2      | Found Hutad's One-of-a-Kind Rings.
  1239 | D:2      | Reached skill level 1 in Throwing
  1693 | D:3      | Found an iron altar of Okawaru.
  1723 | D:3      | Found a radiant altar of Vehumet.
  1800 | D:3      | Reached XP level 4. HP: 48/48 MP: 4/4
  1880 | D:3      | Found a faded altar of an unknown god.
  1890 | D:3      | Found a sacrificial altar of Ru.
  1943 | D:3      | Reached skill level 4 in Maces & Flails
  2026 | D:3      | You fall into a shaft and drop 1 floor!
  2207 | D:4      | Found a white marble altar of Elyvilon.
  2254 | D:4      | Reached XP level 5. HP: 28/54 MP: 5/5
  2266 | D:4      | HP: 5/54 [something (2)]
  2771 | D:4      | Noticed a kobold brigand
  2790 | D:4      | Killed a kobold brigand
  2791 | D:4      | Reached skill level 5 in Maces & Flails
  2791 | D:4      | Reached XP level 6. HP: 61/65 MP: 6/6
  2792 | D:4      | Reached skill level 5 in Fighting
  2990 | D:4      | Reached *** piety under Trog
  4243 | D:5      | Entered Level 5 of the Dungeon
  4343 | D:5      | Noticed an ice beast
  4362 | D:5      | Killed an ice beast
  4363 | D:5      | Reached skill level 6 in Maces & Flails
  4363 | D:5      | Reached XP level 7. HP: 72/72 MP: 7/7
  4631 | D:5      | Noticed Prince Ribbit
  4670 | D:5      | HP: 5/72 [Prince Ribbit (9)]
  4671 | D:5      | HP: 1/108 [Prince Ribbit (7)]
  4672 | D:5      | Mangled by Prince Ribbit

Table legend: (Time is in decaauts)
 A = Elapsed time spent in this place.
 B = Non-inter-level travel time spent in this place.
 C = Inter-level travel time spent in this place.
 D = Time resting spent in this place.
 E = Time spent auto-exploring this place.
 F = Levels seen in this place.
 G = Mean time per level.
                   A        B        C        D        E       F      G
               +--------+--------+--------+--------+--------+-----+--------+
         Total |   4815 |   4564 |    251 |    958 |   2732 |   5 |  963.0 |
       Dungeon |   4815 |   4564 |    251 |    958 |   2732 |   5 |  963.0 |
               +--------+--------+--------+--------+--------+-----+--------+

Top non-repeatable levels by time:
     D:4: 1977 daAuts
     D:1: 1006 daAuts
     D:3: 731 daAuts
     D:2: 709 daAuts
     D:5: 391 daAuts

Table legend:
 A = Kills in this place as a percentage of kills in the entire game.
 B = Kills by you in this place as a percentage of kills by you in the entire game.
 C = Kills by friends in this place as a percentage of kills by friends in the entire game.
 D = Other kills in this place as a percentage of other kills in the entire game.
 E = Experience gained in this place as a percentage of experience gained in the entire game.
 F = Experience gained in this place divided by the number of levels of this place that you have seen.
                   A       B       C       D       E      F
               +-------+-------+-------+-------+-------+----------------------
         Total | 100.0 | 100.0 |   N/A |   N/A | 100.0 | 169.6
       Dungeon | 100.0 | 100.0 |   N/A |   N/A | 100.0 | 169.6
               +-------+-------+-------+-------+-------+----------------------

Action                     |  1- 3 |  4- 6 |  7- 9 || total
---------------------------+-------+-------+-------++-------
  Melee: Mace              |   132 |   197 |    49 ||   378
         Punch             |     1 |     2 |       ||     3
  Throw: Stone             |    12 |     7 |    12 ||    31
 Invoke: Berserk           |     3 |     5 |     2 ||    10
         Trog's Hand       |       |       |     1 ||     1
    Use: Scroll            |     4 |     7 |       ||    11
         Potion            |       |     1 |       ||     1
 Armour: Animal skin       |    88 |   180 |    38 ||   306
  Dodge: Dodged            |    92 |   102 |    24 ||   218

Vanquished Creatures
  An ice beast (D:5)
  A kobold brigand (D:4)
  2 hounds
  An orc priest (D:5)
  A sleepcap (D:5)
  3 iguanas
  3 orc wizards (D:4)
  3 gnolls (D:5)
  4 adders
  3 dart slugs
  10 orcs
  3 bats
  8 endoplasms
  4 giant cockroaches
  6 goblins
  6 hobgoblins
  5 quokkas
  7 ball pythons
  4 frilled lizards
  16 kobolds
  3 rats
94 creatures vanquished.

Vanquished Creatures (others)
  A quokka (D:4)
1 creature vanquished.

Grand Total: 95 creatures vanquished
